 Dungeon Crawl Stone Soup version 0.30.1-4-g462c640d31 (webtiles) character file.

Game seed: 10728010018833196131

79 monsoonserge the Chopper (level 4, -1/40 HPs)
             Began as a Hill Orc Fighter on Aug 24, 2023.
             Slain by a gnoll
             ... wielding a +0 halberd
              (14 damage)
             ... on level 2 of the Dungeon.
             The game lasted 00:03:03 (1535 turns).

monsoonserge the Chopper (Hill Orc Fighter)         Turns: 1535, Time: 00:03:03

Health: -1/40      AC:  7    Str: 26    XL:     4   Next: 37%
Magic:  4/4        EV:  9    Int:  8    God:
Gold:   109        SH:  4    Dex: 10    Spells: 3/3 levels left

rFire   + . .        a - +0 war axe
rCold   . . .        c - +0 buckler
rNeg    . . .        b - +0 scale mail
rPois   .            (no helmet)
rElec   .            (no cloak)
rCorr   .            (no gloves)
SInv    .            (no boots)
Will    .....        (no amulet) Stlth
                     k - +6 ring of strength
HPRegen 0.26/turn    l - ring of protection from fire
MPRegen 0.09/turn

%: no passive effects
@: no status effects
A: no striking features
a: no special abilities


You were on level 2 of the Dungeon.
You visited 1 branch of the dungeon, and saw 3 of its levels.

You collected 109 gold pieces.

Inventory:

Hand Weapons
 a - a +0 war axe (weapon)
Missiles
 n - 4 boomerangs (quivered)
Armour
 b - a +0 scale mail (worn)
 c - a +0 buckler (worn)
Jewellery
 k - a +6 ring of strength (left hand)
 l - a ring of protection from fire (right hand)
Wands
 m - a wand of iceblast (5)
Scrolls
 e - 2 scrolls of teleportation {unknown}
 g - 2 scrolls of enchant weapon {unknown}
 i - a scroll of identify {unknown}
 j - a scroll of vulnerability {unknown}
Potions
 d - 2 potions of might
 f - 3 potions of brilliance {unknown}
 h - a potion of curing {unknown}


   Skills:
 + Level 4.2 Fighting
 + Level 4.3 Axes
 + Level 3.9 Armour
 + Level 3.5 Shields
 * Level 0.5 Evocations


You had 3 spell levels left.
You didn't know any spells.
Your spell library contained the following spells:

 Spells                   Type           Power      Damage    Failure   Level
 Beastly Appendage        Tmut           0%         N/A       75%         1
 Slow                     Hex            0%         N/A       75%         1
 Wereblood                Tmut           0%         N/A       87%         2
 Confusing Touch          Hex            0%         N/A       98%         3
 Inner Flame              Hex/Fire       0%         N/A       98%         3
 Spider Form              Tmut/Pois      0%         N/A       98%         3
 Vampiric Draining        Necr           0%         2d6       98%         3
 Flame Wave               Conj/Fire      0%         2d4       100%        4
 Sticky Flame             Conj/Fire      0%         2d3       100%        4


Dungeon Overview and Level Annotations

Branches:
Dungeon (3/15)

Altars:


Message History

You pick up a book of Flames and begin reading...
You add the spells Inner Flame, Sticky Flame and Flame Wave to your library.
A gnoll comes into view. It is wielding a +0 halberd.
A gnoll comes into view. It is wielding a +0 halberd.
The gnoll shouts!
The kobold hits you but does no damage.
There is a stone staircase leading up here.
You hit the kobold but do no damage.
The kobold hits you but does no damage. x2
A gnoll comes into view. It is wielding a +0 club.
You barely miss the kobold.
The gnoll hits you from afar with a +0 halberd.
The kobold hits you but does no damage. The gnoll hits you but does no damage.
You block the kobold's attack.
You climb upwards.
There is a stone staircase leading down here.
You slash the kobold!
You kill the kobold!
Things that are here:
a +0 dagger; 4 stones; a kobold corpse
There is a stone staircase leading down here.
You start resting.
HP restored.
You climb downwards.
The gnoll hits you from afar with a +0 halberd!
The gnoll hits you but does no damage.
There is a stone staircase leading up here.
The gnoll hits you from afar with a +0 halberd.
You block the gnoll's attack. The gnoll barely misses you.
There is a stone staircase leading up here.
The gnoll barely misses you. The gnoll hits you with a +0 halberd!
You climb upwards.
There is a stone staircase leading down here.
You closely miss the gnoll. You slash the gnoll!
The gnoll hits you with a +0 club. You block the gnoll's attack.
You hit the gnoll.
The gnoll is lightly wounded.
You slash the gnoll!
You kill the gnoll!
The gnoll hits you with a +0 halberd!
You die...

#####..###.######.......##..#####
##.##..#........#.##)##.##..#####
..#......#.####.#.##.)...........
##.##......# #.#.#####.####.####
...##.###### #.#.#####.# ##.##
...)..# #.#.......# #...###
...#### #.######### #...#..
#)#############.)..### #...#.#
...............g@)...# #......
#.#..>.......##(##.#.######.....#
#.#..............................
#.#.............##..#............
#.#...........#.##...............
#.#...........#.....#.####.......
....................#.# #....#.#
#.###########.#..##.#.####....#.#
#.# ##### #....).......#....#.#


You could see a gnoll.

Vanquished Creatures
  A gnoll (D:2)
  2 adders (D:2)
  2 worms (D:2)
  4 ball pythons
  5 endoplasms
  3 giant cockroaches
  10 goblins
  3 hobgoblins (D:1)
  2 quokkas (D:2)
  7 bats (D:1)
  2 frilled lizards (D:2)
  8 kobolds
  5 rats
54 creatures vanquished.

Notes
Turn   | Place    | Note
-------+----------+-------------------------------------------
     0 | D:1      | monsoonserge the Hill Orc Fighter began the quest for the
                  | Orb.
     0 | D:1      | Reached XP level 1. HP: 19/19 MP: 1/1
   118 | D:1      | Reached XP level 2. HP: 23/27 MP: 2/2
   372 | D:1      | Reached XP level 3. HP: 33/33 MP: 3/3
  1030 | D:2      | Reached XP level 4. HP: 40/40 MP: 4/4
  1535 | D:2      | Slain by a gnoll

Illustrated notes

Levels and vault maps discovered:
D:1:      heliophobic_arrival_henge, layout_basic
D:2:      layout_loops_cross, dreamdust_mushroom_princess
D:3:      layout_rooms, bloody_makhleb, hangedman_ru_absence,
          basic_ecumenical_altar

Skill      XL: |  1  2  3 |
---------------+----------+-----
Axes           | 3 4 |  4.3
Fighting       | 4 |  4.2
Armour         | |  3.9
Shields        | |  3.5
Evocations     | |  0.5

Action                     |  1- 3 |  4- 6 || total
---------------------------+-------+-------++-------
  Melee: War axe           |   109 |    52 ||   161
 Armour: Scale mail        |    61 |    26 ||    87
  Dodge: Dodged            |    55 |    29 ||    84
  Block: Buckler           |    24 |     7 ||    31
